Map: Blackpink LE

Players

Juxtapose

  • Race: Protoss Protoss
  • League: Platinum
  • Spawn Location: 1:00

Moonchild - Winner!

  • Race: Terran Terran
  • League: Silver
  • Spawn Location: 7:00

VOD

https://youtu.be/7aSxlJGHaE8

Description

This was a fun little match, but once again my lack of skill in macro hurt.

Time

  • Played on: Feb. 10, 2018, 2:30 p.m.
  • Length: 10:49
Show
View Real Time Build Order
Export as new Build Order

Juxtapose Protoss 

Build Orders: Oracle Opening 

Get SALT Encoding   

  12  0:01  Probe  
  13  0:13  Probe  
  14  0:24  Pylon  
  14  0:25  Probe  
  15  0:42  Probe  
  16  0:46  Gateway  
  16  0:54  Probe  
  17  0:59  Assimilator  
  17  1:02  Pylon  
  17  1:06  Probe  
  18  1:18  Probe  
  18  1:20  Assimilator  
  19  1:32  Probe  
  20  1:37  Cybernetics Core  
  20  1:40  Zealot  
  20  1:44  Probe  
  23  1:56  Probe  
  24  2:09  Probe  
  24  2:15  Warp Gate  
  25  2:17  Stargate  
  25  2:22  Pylon  
  25  2:57  Stalker (Chrono Boost)  
  24  3:00  Oracle (Chrono Boost)  
  29  3:21  Stalker (Chrono Boost)  
  29  3:28  Probe  
  28  3:36  Void Ray  
  28  3:40  Probe  
  33  3:49  Adept  
  33  3:50  Nexus  
  33  3:52  Probe  
  36  4:04  Probe  
  37  4:17  Probe  
  35  4:35  Void Ray  
  39  4:40  Gateway  
  39  4:42  Gateway  
  39  4:54  Pylon  
  39  5:01  Probe  
  40  5:09  Pylon  
  40  5:13  Probe  
  41  5:21  Void Ray (Chrono Boost), Stalker  
  47  5:35  Pylon  
  47  5:37  Probe  
  48  5:47  Probe  
  48  5:49  Probe  
  50  5:53  Forge  
  50  6:03  Void Ray  
  54  6:05  Adept x2  
  54  6:10  Probe x2  
  60  6:22  Probe x2  
  62  6:26  Pylon  
  62  6:28  Shield Battery  
  62  6:34  Probe x2  
  64  6:57  Probe  
  64  6:58  Photon Cannon, Probe  
  66  7:02  Twilight Council  
  66  7:05  Adept  
  66  7:06  Adept x2  
  72  7:10  Photon Cannon  
  72  7:12  Probe x2  
  74  7:16  Protoss Ground Weapons Level 1  
  74  7:24  Probe  
  74  7:29  Sentry  
  77  7:30  Sentry  
  77  7:34  Zealot  
  81  7:37  Probe  
  81  7:38  Probe  
  83  7:45  Assimilator  
  83  7:47  Assimilator  
  83  7:55  Zealot  
  83  7:57  Pylon  
  83  7:58  Charge (Chrono Boost)  
  60  8:21  Adept x3  
  58  8:38  Probe  
  59  8:54  Probe  
  60  8:58  Probe  
  61  9:06  Probe, Nexus  
  61  9:09  Zealot x3, Templar Archives  
  68  9:10  Pylon  
  68  9:14  Pylon  
  50  9:43  Pylon  
  44  9:46  Shield Battery  
  44  9:48  Shield Battery  
  44  9:55  Adept x3  
  50  10:02  Pylon  
  50  10:05  Gateway  
  50  10:08  Gateway  
  50  10:09  Pylon  
  50  10:10  Photon Cannon  
Show
View Real Time Build Order
Export as new Build Order

Moonchild Terran - Winner!

Build Orders: Reaper Expand, MMM Bio 

Get SALT Encoding   

  12  0:01  SCV  
  13  0:13  SCV  
  14  0:22  Supply Depot  
  14  0:25  SCV  
  15  0:44  SCV  
  15  0:45  Barracks  
  15  0:47  Refinery  
  16  0:56  SCV  
  17  1:08  SCV  
  18  1:15  Barracks  
  18  1:21  Supply Depot  
  18  1:24  SCV  
  19  1:33  Reaper  
  19  1:38  Orbital Command  
  20  2:04  Command Center  
  20  2:07  Reaper  
  21  2:11  Reaper  
  21  2:15  SCV  
  23  2:27  SCV  
  24  2:39  SCV  
  25  2:51  SCV  
  26  3:00  Barracks Tech Lab  
  26  3:03  SCV  
  27  3:06  Barracks Reactor  
  27  3:07  Refinery  
  27  3:08  Barracks x2, Engineering Bay  
  27  3:15  SCV  
  28  3:27  SCV  
  29  3:36  Marauder  
  29  3:37  Stimpack  
  29  3:39  Orbital Command, SCV  
  32  3:49  Marine x2  
  32  3:51  SCV  
  32  3:55  Bunker  
  35  3:57  Marauder  
  35  3:58  Barracks Tech Lab, Barracks Reactor  
  37  4:03  SCV  
  37  4:04  Engineering Bay  
  37  4:08  Missile Turret  
  37  4:09  Marine x2  
  29  4:35  Missile Turret  
  29  4:39  Marauder  
  31  4:48  SCV x2  
  31  4:52  Marine  
  33  4:53  Marine  
  33  4:55  Marine  
  36  5:06  Terran Infantry Weapons Level 1  
  36  5:10  Marauder x2  
  38  5:17  SCV x2  
  38  5:20  Marine x2  
  38  5:21  Marine  
  42  5:27  Supply Depot  
  43  5:30  Terran Infantry Armor Level 1  
  43  5:35  Marine x3  
  46  5:48  Marine x3  
  46  5:49  SCV x2  
  51  5:50  Supply Depot  
  51  5:52  Marine  
  51  5:55  Combat Shields  
  52  5:57  Concussive Shells  
  52  6:01  SCV x2  
  54  6:07  Supply Depot  
  54  6:11  Marine  
  54  6:13  SCV  
  54  6:14  Supply Depot  
  56  6:23  Marauder x2, Marine x2  
  62  6:28  SCV  
  62  6:29  Refinery  
  63  6:33  Missile Turret  
  63  6:34  SCV  
  63  6:41  SCV  
  63  6:44  Marine x2  
  63  6:45  Marine x2  
  63  6:46  SCV  
  69  6:59  SCV x2  
  71  7:02  Marauder x2  
  75  7:09  Marine, Factory  
  75  7:10  Marine  
  75  7:11  SCV  
  78  7:26  Supply Depot  
  78  7:28  Marauder, SCV x2  
  82  7:30  Marauder, Marine  
  85  7:40  SCV  
  86  7:48  SCV  
  86  7:50  Marauder  
  89  7:52  SCV  
  89  7:56  Command Center  
  90  8:04  Missile Turret  
  89  8:07  Marine  
  89  8:08  Marine x4  
  89  8:11  Marine  
  79  8:21  Factory Reactor  
  79  8:23  Starport  
  79  8:25  Marine  
  79  8:26  Marine x3  
  72  8:29  Marine  
  72  8:30  Marine  
  72  8:32  SCV x2  
  62  8:43  Marine  
  62  8:44  Marine x3, SCV  
  62  8:45  Armory  
  67  8:52  Barracks  
  67  8:53  SCV  
  68  8:56  Missile Turret, SCV  
  68  8:57  Missile Turret  
  68  8:58  Marine x2  
  68  9:01  Marine x2  
  73  9:05  SCV  
  73  9:08  SCV  
  75  9:19  Orbital Command  
  75  9:37  Marine  
  75  9:38  Marine x5  
  77  9:41  Medivac x2  
  85  9:47  Barracks Reactor  
  85  9:52  Barracks, Factory Reactor  
  85  9:54  SCV x2  
  85  9:55  Marine  
  85  9:56  Marine x5  
  85  9:57  Refinery  
  93  10:02  SCV  
  93  10:06  SCV x2  
  96  10:13  Marine  
  96  10:14  Marauder, Marine x2, SCV  
  99  10:15  Medivac x2  
Tags
 
Add a new tag
Caveats
  • Supply blocks, unpowered buildings, or Contaminate may cause inaccurate times.
  • Supply counts are checked every 10 seconds.